 Dungeon Crawl Stone Soup version 0.21-a0-401-g0b6bec4 (webtiles) character file.

263 Spazmo the Magician (level 5, 0/28 HPs)
             Began as a Deep Elf Fire Elementalist on Oct 22, 2017.
             Slain by a slave (4 damage)
             ... led by Pikel
             ... on level 4 of the Dungeon.
             The game lasted 00:10:05 (2944 turns).

Spazmo the Magician (Deep Elf Fire Elementalist)    Turns: 2944, Time: 00:10:05

Health: 0/28       AC:  4    Str:  3 (5)  XL:     5   Next: 98%
Magic:  10/14      EV: 13    Int: 19 (21) God:
Gold:   134        SH:  0    Dex: 16 (17) Spells: 4/14 levels left

rFire    . . .     SeeInvis .   k - +0 hand axe (chop)
rCold    . . .     Gourm    .   (no shield)
rNeg     + . .     Faith    .   a - +0 robe
rPois    .         Spirit   .   r - +0 helmet
rElec    .         Reflect  .   (no cloak)
rCorr    .         Harm     .   (no gloves)
MR       .....                  (no boots)
Stlth    ++........             (no amulet)
HPRegen  0.09/turn              h - +1 ring of protection
MPRegen  0.14/turn              j - ring of positive energy

@: no status effects
A: talons 1, agile 1, mutation resistance 1
a: no special abilities


You were on level 4 of the Dungeon.
You were hungry.

You visited 1 branch of the dungeon, and saw 4 of its levels.

You collected 134 gold pieces.

Inventory:

Hand Weapons
 k - a +0 hand axe of chopping (weapon)
Missiles
 f - 117 stones (quivered)
Armour
 a - a +0 robe (worn)
 r - a +0 helmet (worn)
Jewellery
 h - a +1 ring of protection (left hand)
 j - a ring of positive energy (right hand)
Scrolls
 i - 3 scrolls of remove curse
 p - a scroll of amnesia {unknown}
Potions
 d - a potion of heal wounds
 e - a potion of flight
 g - 2 potions of might
 t - a potion of agility
 u - a potion of cancellation {unknown}
Books
 b - a book of Flames

   Spells                             Type                      Level
   a - Flame Tongue                   Conjuration/Fire             1
   b - Throw Flame                    Conjuration/Fire             2
   c - Conjure Flame                  Conjuration/Fire             3
   d - Inner Flame                    Hexes/Fire                   3
   e - Sticky Flame                   Conjuration/Fire             4
   f - Fireball                       Conjuration/Fire             5
Comestibles
 c - 5 bread rations
 l - 2 royal jellies
 o - 2 meat rations


   Skills:
 - Level 3.0 Dodging
 - Level 3.1 Stealth
 + Level 5.2 Spellcasting
 + Level 3.5 Conjurations
 + Level 4.8 Fire Magic


You had 4 spell levels left.
You knew the following spells:

 Your Spells              Type           Power        Failure   Level  Hunger
a - Flame Tongue          Conj/Fire      ###..        2%          1    None
b - Throw Flame           Conj/Fire      ###...       3%          2    #......
c - Conjure Flame         Conj/Fire      ###.....     6%          3    ##.....
d - Sticky Flame          Conj/Fire      ###.....     22%         4    ####...


Dungeon Overview and Level Annotations

Branches:
Dungeon (4/15)
 Temple: D:4-7

Altars:
Fedhas
Okawaru

Annotations:
D:4 Pikel


Innate Abilities, Weirdness & Mutations

You have sharp toenails.
You are agile. (Dex +2)
You are somewhat resistant to further mutation.


Message History

Confirm with . or Enter, or press ? or * to list all spells.
Aiming: Sticky Flame
Press: ? - help, Shift-Dir - straight line, f/p - Pikel
Aim: Pikel, wielding a whip of freezing and wearing a robe The sticky flame hits Pikel.
Pikel is lightly wounded.
Pikel is covered in liquid flames!
You are feeling hungry.
Pikel burns!
The slave completely misses you. Pikel closely misses you. The slave hits you.
* * * LOW HITPOINT WARNING * * *
Okay, then.
Pikel burns!
Found a stone staircase leading down.
Pikel burns!
A hound skeleton comes into view.
The hound skeleton moves out of view.
The quokka skeleton bites you but does no damage.
The slave hits you.
You die...

#....# +......#....
#....###......#....
..................p
######......#......
.......<.....[.p.#
##......#....##.##
............pp#.#
..............#p###
.............KpZ@.#
....##.......#..........
...###.......#..........
.......##...##..........
###....##...##..........
###....##...###......###
..[......#### #>.....#
.........# .......#
.........#


You could see Pikel, 3 slaves and a quokka skeleton.

Vanquished Creatures
  An ogre (D:4)
  Jessica (D:2)
  An orc wizard (D:4)
  2 worker ants (D:4)
  An adder (D:2)
  An ooze (D:3)
  An adder skeleton (D:4)
  A dart slug (D:3)
  8 orcs
  A ball python (D:3)
  3 giant cockroaches
  5 goblins
  7 hobgoblins
  3 jackals (D:1)
  9 kobolds
  A quokka (D:3)
  5 bats
  2 frilled lizards (D:1)
  6 rats
59 creatures vanquished.

Notes
Turn   | Place    | Note
-------+----------+-------------------------------------------
     0 | D:1      | Spazmo the Deep Elf Fire Elementalist began the quest for the Orb.
     0 | D:1      | Reached XP level 1. HP: 10/10 MP: 6/6
   209 | D:1      | Reached XP level 2. HP: 15/15 MP: 5/8
   213 | D:1      | Learned a level 2 spell: Throw Flame
   869 | D:2      | Noticed Jessica
   877 | D:2      | Killed Jessica
   877 | D:2      | Reached XP level 3. HP: 19/19 MP: 7/10
  1621 | D:2      | Found a blossoming altar of Fedhas.
  1622 | D:2      | Found an iron altar of Okawaru.
  1709 | D:3      | Reached XP level 4. HP: 24/24 MP: 7/11
  1714 | D:3      | Learned a level 3 spell: Conjure Flame
  1719 | D:3      | Learned a level 4 spell: Sticky Flame
  1853 | D:3      | Reached skill level 4 in Spellcasting
  2701 | D:4      | Gained mutation: You are agile. (Dex +2) [potion of mutation]
  2701 | D:4      | Gained mutation: You are somewhat resistant to further mutation. [potion of mutation]
  2701 | D:4      | Gained mutation: You have sharp toenails. [potion of mutation]
  2701 | D:4      | Reached XP level 5. HP: 3/28 MP: 0/13
  2704 | D:4      | HP: 2/42 [poisoned by a worker ant]
  2758 | D:4      | Noticed an ogre
  2862 | D:4      | Killed an ogre
  2862 | D:4      | Reached skill level 5 in Spellcasting
  2930 | D:4      | Noticed Pikel
  2930 | D:4      | Noticed a slave
  2931 | D:4      | Noticed a slave
  2933 | D:4      | Noticed a slave
  2933 | D:4      | Noticed a slave
  2944 | D:4      | Slain by a slave

Vault maps used:
D:1:      sevenhm_arrival_forest_fort_small_6
D:2:      gammafunk_temple_overflow_pools, first_bread, uniq_jessica
D:4:      lemuel_round_altar, serial_shops, shop, uniq_pikel

Skill      XL: |  1  2  3  4  5 |
---------------+----------------+-----
Dodging        | 3 |  3.0
Stealth        | 3 |  3.1
Conjurations   | 2 3 |  3.5
Spellcasting   | 4 5 |  5.2
Fire Magic     | 4 |  4.8

Action                   |  1- 3 |  4- 6 || total
-------------------------+-------+-------++-------
Melee: Hand axe          |     4 |     2 ||     6
Throw: Stone             |     2 |       ||     2
 Cast: Flame Tongue      |    53 |    48 ||   101
       Sticky Flame      |       |     4 ||     4
       Throw Flame       |       |     2 ||     2
  Use: Scroll            |     7 |       ||     7
       Potion            |     3 |     5 ||     8
 Stab: Sleeping          |     1 |       ||     1
  Eat: Chunk             |     2 |     4 ||     6
Armor: Robe              |       |     6 ||     6
Dodge: Dodged            |     9 |    19 ||    28

Table legend:
 A = Spawn XP
 B = Non-spawn XP
 C = Spawn XP percentage of total XP
 D = Spawn monster count
 E = Non-spawn monster count
 F = Spawn count percentage of total count
 G = Total turns spent on level
                    A         B        C        D         E        F      G
               +---------+---------+-------+---------+---------+-------+---------
         Total |       0 |     377 |   0.0 |       0 |      59 |   0.0 |  2944
               +---------+---------+-------+---------+---------+-------+---------
           D:1 |       0 |      26 |   0.0 |       0 |      16 |   0.0 |   628
           D:2 |       0 |      70 |   0.0 |       0 |      15 |   0.0 |  1078
           D:3 |       0 |      48 |   0.0 |       0 |      20 |   0.0 |   917
           D:4 |       0 |     233 |   0.0 |       0 |       8 |   0.0 |   321
               +---------+---------+-------+---------+---------+-------+---------
